 Dungeon Crawl Stone Soup version 0.26.0-18-gc5c842f807 (webtiles) character file.

Game seed: 18231163566348510769

203 112233 the Slasher (level 5, -1/37 HPs)
             Began as an Octopode Berserker on Jan 23, 2021.
             Was a Priest of Trog.
             Slain by a killer bee (2 damage)
             ... on level 4 of the Dungeon.
             The game lasted 00:03:11 (3001 turns).

112233 the Slasher (Octopode Berserker)             Turns: 3001, Time: 00:03:11

Health: -1/37      AC:  1    Str: 16    XL:     5   Next: 81%
Magic:  5/5        EV: 15    Int: 10    God:    Trog [***...]
Gold:   251        SH:  0    Dex: 12    Spells: 4/4 levels left

rFire    . . .     SeeInvis .   m - +0 long sword
rCold    . . .     Faith    .   (no shield)
rNeg     . . .     Spirit   .   (helmet restricted)
rPois    .         Reflect  .   (no amulet)
rElec    .         Harm     .   j - ring of resist corrosion
rCorr    +         Rampage  .   l - ring of attention (curse)
Will     ++...                  (no ring)
Stlth    +.........             (no ring)
HPRegen  1.12/turn              (no ring)
MPRegen  0.09/turn              (no ring)
                                (no ring)
                                (no ring)

@: lethally poisoned (-1 -> -1), regenerating
A: almost no armour, stealthy swim, amphibious, 8 rings, constrict 8, camouflage
1, mutation resistance 1, gelatinous body 1, subdued magic 1
a: Renounce Religion, Berserk, Trog's Hand


You were on level 4 of the Dungeon.
You worshipped Trog.
Trog was most pleased with you.
You visited 1 branch of the dungeon, and saw 4 of its levels.

You collected 251 gold pieces.

Inventory:

Hand Weapons
 a - a +0 falchion
 m - a +0 long sword (weapon)
Jewellery
 j - a ring of resist corrosion (left tentacle)
 l - a cursed ring of attention (right tentacle)
 n - an uncursed ring of ice
Scrolls
 b - 6 scrolls of random uselessness {unknown}
 c - 2 scrolls of remove curse {unknown}
 d - a scroll of magic mapping {unknown}
 e - a scroll of immolation {unknown}
 f - a scroll of teleportation {unknown}
 k - a scroll of fear {unknown}
 q - a scroll of identify {unknown}
Potions
 g - a potion of mutation
 h - a potion of brilliance {unknown}
 i - 2 potions of cancellation {unknown}
 o - a potion of degeneration {unknown}
 p - a potion of lignification {unknown}


   Skills:
 + Level 4.2 Fighting
 * Level 4.6 Long Blades
 + Level 4.2 Dodging


You had 4 spell levels left.
You didn't know any spells.
Your spell library was empty.

Dungeon Overview and Level Annotations

Branches:
Dungeon (4/15)
 Temple: D:4-7

Altars:


Innate Abilities, Weirdness & Mutations

You cannot wear most types of armour.
You are very stealthy in the water. (Stealth+)
You are amphibious.
You can wear up to eight rings at the same time.
You can use your tentacles to constrict eight enemies at once.
Your skin changes colour to match your surroundings (Stealth+).
Your rubbery body absorbs attacks. (AC +1, EV +1)
You are somewhat resistant to further mutation.
Your spells are a little easier to cast, but a little less powerful.


Message History

You closely miss the killer bee. Your grab misses the killer bee.
The orc hits you with a +0 flail!
Unknown command.
Okay, then.
Your skin crawls.
You feel strong-willed. The killer bee stings you!
* * * LOW HITPOINT WARNING * * *
The killer bee barely misses you. The killer bee misses you.
You riposte.
You barely miss the killer bee. Your grab misses the killer bee.
Your squeeze misses the killer bee. The killer bee stings you!
* * * LOW HITPOINT WARNING * * *
You are lethally poisoned!
The killer bee poisons you! The orc closely misses you.
Unknown command.
It was a potion of mutation.
You feel extremely strange.
Your connection to magic feels subdued.
You feel genetically stable.
* * * LOW HITPOINT WARNING * * *
You feel sick. The killer bee closely misses you. The killer bee stings you.
You die...

###..##... ..#....##
#.......## #
##.......## ##.
#.>.....##. #..
#...........###.#
###.....####...#)####
..#.....## #..o....#
#.......[#######@[#.#
#..............#yyy.#
#........#####......#
##......## #...#...#
.#.#...## #.####....#
.....#.# #.# #..##
#.##...# #.# ....
#..##... .(# ...
##... ### ..


You could see 3 killer bees and an orc.

Vanquished Creatures
  An orc wizard (D:4)
  Natasha (D:4)
  A hound skeleton (D:4)
  3 adders
  An ooze (D:2)
  An adder skeleton (D:3)
  2 worms (D:2)
  3 dart slugs
  3 leopard geckos
  8 orcs
  16 bats
  3 giant cockroaches
  5 goblins
  8 hobgoblins
  3 jackals (D:4)
  4 ball pythons
  6 frilled lizards
  12 kobolds
  4 rats
85 creatures vanquished.

Notes
Turn   | Place    | Note
-------+----------+-------------------------------------------
     0 | D:1      | 112233 the Octopode Berserker began the quest for the Orb.
     0 | D:1      | Reached XP level 1. HP: 16/16 MP: 1/1
   201 | D:2      | Reached XP level 2. HP: 13/21 MP: 2/2
   482 | D:2      | Reached XP level 3. HP: 18/26 MP: 3/3
   711 | D:2      | Reached ** piety under Trog
  1090 | D:3      | Reached XP level 4. HP: 28/32 MP: 4/4
  2581 | D:4      | Reached *** piety under Trog
  2690 | D:4      | Reached XP level 5. HP: 37/37 MP: 5/5
  2831 | D:4      | Noticed Natasha
  2837 | D:4      | Killed Natasha
  3000 | D:4      | HP: 1/37 [killer bee (10)]
  3001 | D:4      | Gained mutation: Your spells are a little easier to cast,
                  | but a little less powerful. [potion of mutation]
  3001 | D:4      | Gained mutation: You are somewhat resistant to further
                  | mutation. [potion of mutation]
  3001 | D:4      | Slain by a killer bee

Illustrated notes

Levels and vault maps discovered:
D:1:      evilmike_arrival_fibonacci_small, layout_basic, minmay_pentomino_u4
D:2:      layout_rooms, chequers_jeans, nrook_uturn, grunt_ministairs_15
D:3:      cheibrodos_old_hovel, layout_rooms
D:4:      layout_rooms, uniq_natasha

Skill      XL: |  1  2  3  4  5 |
---------------+----------------+-----
Long Blades    | 4 |  4.6
Dodging        | 4 |  4.2
Fighting       | 4 |  4.2

Action                   |  1- 3 |  4- 6 || total
-------------------------+-------+-------++-------
Melee: Falchion          |    54 |    65 ||   119
       Constrict         |    21 |    32 ||    53
       Tentacles         |    17 |    26 ||    43
       Long sword        |       |    28 ||    28
Invok: Berserk           |     1 |       ||     1
       Trog's Hand       |       |     1 ||     1
  Use: Potion            |       |     1 ||     1
 Stab: Sleeping          |     3 |     7 ||    10
       Distracted        |     1 |       ||     1
Armor: Skin              |     2 |     8 ||    10
Dodge: Dodged            |    43 |    76 ||   119
       Rpst.: Falchion   |     9 |    16 ||    25
       Long sword        |       |     4 ||     4
